 Dungeon Crawl Stone Soup version 0.32-a0-407-g4da7c8d6d1 (webtiles) character file.

Game seed: 16701588620718730257

388 Flugkiller the Chopper (level 6, 0/45 HPs)
             Began as a Mountain Dwarf Chaos Knight on Feb 21, 2024.
             Was a Plaything of Xom.
             Succumbed to a scorpion's poison
             ... on level 6 of the Dungeon.
             The game lasted 00:03:36 (2821 turns).

Flugkiller the Chopper (MDCK)                       Turns: 2821, Time: 00:03:37

Health: 0/45       AC: 10    Str: 17    XL:     6   Next: 49%
Magic:  6/6        EV:  7    Int: 12    God:    Xom [..*...]
Gold:   118        SH:  0    Dex:  9    Spells: 5/5 levels left

rFire   . . .        l - +0 war axe
rCold   . . .        (no shield)
rNeg    . . .        h - +0 chain mail
rPois   .            (no helmet)
rElec   .            (no cloak)
rCorr   .            (no gloves)
SInv    +            o - +0 pair of boots
Will    +....        m - amulet of regeneration Stlth
                     (no ring)
HPRegen 1.07/turn    (no ring)
MPRegen 0.10/turn

%: no passive effects
@: lethally poisoned (0 -> -5), enlightened, flying
A: runic magic, artefact enchanting, see invisible, frail 2
a: Renounce Religion


You were on level 6 of the Dungeon.
You worshipped Xom.
You were a toy of Xom.
You visited 1 branch of the dungeon, and saw 5 of its levels.

You collected 118 gold pieces.

Inventory:

Hand Weapons
 a - a +0 hand axe of chaos
 l - a +0 war axe (weapon)
   (You took it off an orc on level 6 of the Dungeon)
Missiles
 d - 3 boomerangs (quivered)
Armour
 b - a +2 leather armour
 h - a +0 chain mail (worn)
   (You found it on level 1 of the Dungeon)
 o - a +0 pair of boots (worn)
   (You found it on level 3 of the Dungeon)
Jewellery
 m - an amulet of regeneration (around neck)
   (You found it on level 3 of the Dungeon)
Scrolls
 c - a scroll of butterflies
 f - a scroll of revelation
 g - a scroll of amnesia
 i - a scroll of torment
 j - a scroll of fog {unknown}
 n - a scroll of vulnerability {unknown}
 p - a scroll of noise {unknown}
 t - a scroll of teleportation
Potions
 e - a potion of enlightenment


   Skills:
 * Level 5.7 Fighting
 * Level 6.2 Axes
 + Level 3.9 Armour
 - Level 0.6 Dodging


You had 5 spell levels left.
You didn't know any spells.
Your spell library contained the following spells:

 Spells                   Type           Power      Damage    Failure   Level
 Apportation              Tloc           0%         N/A       52%         1
 Jinxbite                 Hex            0%         N/A       65%         2
 Alistair's Intoxication  Alch           0%         N/A       100%        5


Dungeon Overview and Level Annotations

Branches:
Dungeon (4/15) Zot: 26854
 Temple: D:4-7

Altars:
Dithmenos
Nemelex Xobeh
Sif Muna
Vehumet
Wu Jian

Shops:
D:1 *

Annotations:
D:3 Grinder


Innate Abilities, Weirdness & Mutations

Your spellcasting is much less encumbered by armour.
You can use scrolls of enchantment on lesser artefacts.
You have supernaturally acute eyesight. (SInv)
You are very frail. (-20% HP)


Message History

Things that are here:
a +0 short sword; an orc corpse You start waiting.
An orc is nearby!
There is an open gate here.
Things that are here:
a +0 short sword; an orc corpse You hit the orc.
The orc is poisoned.
Your headbutt misses the orc.
The orc is lightly wounded.
The orc hits you but does no damage.
You slash the orc!
You kill the orc!
You see here a +0 war axe.
No target in view!
l - a +0 war axe
l - a +0 war axe (weapon)
There is an open gate here.
Things that are here:
a +0 short sword; an orc corpse The orc wizard shouts!
There is an open gate here.
A scorpion comes into view.
The orc wizard casts a spell.
The orc wizard flickers and vanishes!
Deactivating autopickup; reactivate with Ctrl-A.
The orc shouts!
There is an open gate here.
There is an open gate here.
Things that are here:
a +0 short sword; an orc corpse You miss something.
Your headbutt misses something. Something hits you but does no damage.
You closely miss the scorpion. Your headbutt misses the scorpion.
You hit something but do no damage. The scorpion barely misses you.
Something hits you.
You hit something. Your headbutt misses something. You slash the scorpion!
The scorpion stings you but does no damage.
You hear some strange, mumbled words.
You are confused.
The scorpion stings you.
You are too confused!
You miss something. Your headbutt misses something.
You barely miss the scorpion.
You hear some strange, mumbled words.
A magic dart appears from out of thin air!
The magic dart hits you. The scorpion stings you.
You are poisoned.
The scorpion poisons you!
You are too confused!
It was a potion of enlightenment.
You feel very buoyant.
You fly up into the air.
You feel very sick. The scorpion stings you.
You are more poisoned.
The scorpion poisons you!
It was a potion of mutation.
You feel extremely strange.
You feel robust. The horns on your head shrink away.
Your vision sharpens.
Reactivating autopickup.
Xom roars with laughter!
You feel very sick. The scorpion barely misses you.
The orc wizard hits you with a +0 dagger.
The orc hits you but does no damage.
Unknown command.
You are too confused!
Unknown command.
You barely miss the orc wizard. You miss the scorpion. You hit the orc.
You feel very sick. The scorpion stings you.
You are more poisoned.
The scorpion poisons you!
The orc wizard hits you but does no damage.
The scorpion barely misses you. The orc closely misses you.
The orc wizard hits you with a +0 dagger.
You bump into the crystal wall.
* * * LOW HITPOINT WARNING * * *
You feel very sick. The scorpion barely misses you.
The orc completely misses you.
The orc wizard hits you with a +0 dagger.
* * * LOW HITPOINT WARNING * * *
Unknown command.
You completely miss the orc wizard. You miss the scorpion.
You closely miss the orc.
You feel less confused.
* * * LOW HITPOINT WARNING * * *
You feel very sick. The scorpion closely misses you. The orc barely misses you.
The orc wizard hits you with a +0 dagger.
* * * LOW HITPOINT WARNING * * *
The scorpion barely misses you.
Unknown command.
* * * LOW HITPOINT WARNING * * *
You feel very sick. The orc wizard barely misses you.
There is an ornate altar of the Wu Jian Council here.
Unknown command.
Press < or > to pray at altars.
You die...
Xom is highly amused!

############### ###############
############### ###############
***###############
**,,####..).......#
*,,,###..######'''###### ***
**,,,#g).##@.s'.....'...#
,,****,,...g.###._o).≈≈≈.'._.#
,,,,**,,......##..o).....'...#***
,,,,,,,,#.....$######'''######*,*
,,,,,,,*#.....####......# *,,*
,,,,**,*........###..)###*****,,,
,,,,,,,,,,,,.....#...##*,,.*,,,,,
,,,>,,,,,,,,........###....,,,,,,
,,,,,,,,*,,*...........#*,,,,,,,,


You could see a scorpion, an orc wizard (invisible) and an orc.

Vanquished Creatures
  A bombardier beetle (D:4)
  2 hounds
  An orc priest (D:4)
  Jessica (D:3)
  An orc wizard (D:4)
  3 gnolls (D:6)
  5 adders
  A dart slug (D:2)
  2 ribbon worms (D:3)
  7 orcs
  6 ball pythons
  4 bats
  8 endoplasms
  4 giant cockroaches
  5 goblins
  3 hobgoblins (D:1)
  4 jackals (D:2)
  7 kobolds
  2 quokkas
  3 frilled lizards
  7 rats
77 creatures vanquished.

Notes
Turn   | Place    | Note
-------+----------+-------------------------------------------
     0 | D:1      | Flugkiller the Mountain Dwarf Chaos Knight began the quest
                  | for the Orb.
     0 | D:1      | Reached XP level 1. HP: 19/19 MP: 1/1
   101 | D:1      | Reached skill level 4 in Axes
   101 | D:1      | Reached XP level 2. HP: 26/26 MP: 2/2
   155 | D:1      | Found Fupeil's Assorted Antiques.
   491 | D:1      | Reached XP level 3. HP: 33/33 MP: 3/3
   721 | D:1      | XOM: silly message
  1002 | D:2      | Reached XP level 4. HP: 40/40 MP: 4/4
  1056 | D:2      | XOM: 1-stop teleportation journey
  1254 | D:2      | Found a faded altar of an unknown god.
  1364 | D:2      | XOM: give mutations
  1364 | D:2      | Gained mutation: You are vulnerable to heat. (rF-) [Xom's
                  | mischief]
  1364 | D:2      | Gained mutation: You are frail. (-10% HP) [Xom's mischief]
  1364 | D:2      | Lost mutation: You are vulnerable to heat. (rF-) [Xom's
                  | mischief]
  1395 | D:2      | XOM: 2-stop teleportation journey
  1545 | D:2      | XOM: give mutations
  1545 | D:2      | Gained mutation: You are very frail. (-20% HP) [Xom's
                  | mischief]
  1545 | D:2      | Gained mutation: You are extremely frail. (-30% HP) [Xom's
                  | mischief]
  1623 | D:3      | Noticed Jessica
  1651 | D:3      | Killed Jessica
  1652 | D:3      | Reached skill level 5 in Axes
  1792 | D:3      | Reached XP level 5. HP: 30/32 MP: 5/5
  1794 | D:3      | XOM: 1-stop teleportation journey
  1849 | D:3      | Found a shimmering blue altar of Sif Muna.
  1849 | D:3      | Noticed Grinder
  1849 | D:3      | XOM: 1-stop teleportation journey
  1855 | D:3      | Grinder changed into Grinder the orange demon
  1855 | D:3      | Noticed Grinder
  1855 | D:3      | XOM: polymorph Grinder -> Grinder the orange demon
  1934 | D:3      | XOM: give mutation
  1934 | D:3      | Gained mutation: You have a pair of small horns on your
                  | head. [Xom's mischief]
  2164 | D:3      | XOM: fog
  2212 | D:3      | Reached skill level 5 in Fighting
  2383 | D:4      | Found a shadowy altar of Dithmenos.
  2410 | D:4      | Found a radiant altar of Vehumet.
  2503 | D:4      | XOM: snakes to sticks
  2552 | D:4      | XOM: noise
  2564 | D:4      | XOM: butterfly on damage
  2571 | D:4      | Reached XP level 6. HP: 22/39 MP: 6/6
  2597 | D:4      | Reached skill level 6 in Axes
  2676 | D:4      | You fall into a shaft and drop 2 floors!
  2698 | D:6      | Found an ornate altar of the Wu Jian Council.
  2709 | D:6      | Found a sparkling altar of Nemelex Xobeh.
  2816 | D:6      | Lost mutation: You are extremely frail. (-30% HP) [potion
                  | of mutation]
  2816 | D:6      | Lost mutation: You have a pair of small horns on your head.
                  | [potion of mutation]
  2816 | D:6      | Gained mutation: You have supernaturally acute eyesight.
                  | (SInv) [potion of mutation]
  2820 | D:6      | HP: 2/45 [poisoned by a scorpion]
  2821 | D:6      | Succumbed to a scorpion's poison

Illustrated notes

Levels and vault maps discovered:
D:1:      lightli_arrival_windingriver, layout_basic, serial_shops, shop,
          serial_aquarium, aquarium_bridge_square [aquarium_subvault_wall,
          aquarium_subvault_window, aquarium_subvault_bridge,
          aquarium_subvault_bridge], aquarium_bridge_square
          [aquarium_subvault_window, aquarium_subvault_bridge,
          aquarium_subvault_bridge, aquarium_subvault_window],
          aquarium_window_fake, aquarium_window_1, aquarium_window_corridor_3,
          aquarium_window_fake, aquarium_view_2e, aquarium_pool_corner
D:2:      layout_loops_ring, serial_bayou, serial_bayou_pond_d,
          serial_bayou_lagoon_a, serial_bayou_lake_a, serial_bayou_shore_a,
          shapermc_ecumenical_altar_mp_ritualfount, st_stairs_11
D:3:      layout_basic, mainiacjoe_overflow_cross_hatched, uniq_grinder,
          uniq_jessica
D:4:      layout_cave_pools, vehumet_crystals, mainiacjoe_overflow_catwalk,
          nicolae_letterblocks [nicolae_letter_subblock,
          nicolae_letter_subblock, nicolae_letter_subblock,
          nicolae_letter_subblock, nicolae_letter_subblock,
          nicolae_letter_subblock, nicolae_letter_subblock,
          nicolae_letter_subblock, nicolae_letter_subblock,
          nicolae_letter_subblock, nicolae_letter_subblock,
          nicolae_letter_subblock, nicolae_letter_subblock,
          nicolae_letter_subblock, nicolae_letter_subblock,
          nicolae_letter_subblock, nicolae_letter_subblock,
          nicolae_letter_subblock, nicolae_letter_subblock,
          nicolae_letter_subblock, nicolae_letter_subblock,
          nicolae_letter_subblock, nicolae_letter_subblock,
          nicolae_letter_subblock, nicolae_letter_subblock]
D:6:      layout_cave_pools, mainiacjoe_overflow_big_doors,
          hellmonk_okawaru_the_only_friend_you_need, uniq_eustachio

Skill      XL: |  1  2  3  4  5  6 |
---------------+-------------------+-----
Axes           | 4 5 6 |  6.2
Fighting       | 4 5 |  5.7
Armour         | 3 |  3.9
Dodging        | |  0.6

Action                     |  1- 3 |  4- 6 || total
---------------------------+-------+-------++-------
  Melee: Hand axe          |    93 |   169 ||   262
         Headbutt          |       |     7 ||     7
         War axe           |       |     6 ||     6
    Use: Scroll            |       |     4 ||     4
         Potion            |       |     2 ||     2
   Stab: Confused          |     1 |     1 ||     2
 Armour: Leather armour    |    27 |       ||    27
         Chain mail        |    53 |   151 ||   204
  Dodge: Dodged            |    58 |    63 ||   121

Table legend: (Time is in decaauts)
 A = Elapsed time spent in this place.
 B = Non-inter-level travel time spent in this place.
 C = Inter-level travel time spent in this place.
 D = Time resting spent in this place.
 E = Time spent auto-exploring this place.
 F = Levels seen in this place.
 G = Mean time per level.
                   A        B        C        D        E       F      G
               +--------+--------+--------+--------+--------+-----+--------+
         Total |   2889 |   2750 |    139 |    110 |   1848 |   5 |  577.8 |
       Dungeon |   2889 |   2750 |    139 |    110 |   1848 |   5 |  577.8 |
               +--------+--------+--------+--------+--------+-----+--------+

Top non-repeatable levels by time:
     D:2: 937 daAuts
     D:3: 748 daAuts
     D:1: 746 daAuts
     D:4: 311 daAuts
     D:6: 145 daAuts
